[ AOE2 MATCH · #505663729 ]
UnrankedGoths vs Spanish
Player's team · WIN
Rival team · LOSS
[ REPLAY ANALYSIS · EXTRACTED FROM THE RECORDED GAME ]
Feudal
12:13
Castle
31:38
Imperial
—
| APM avg | 53.5 |
| APM peak | 103 |
| eAPM avg | 22.6 |
| Villagers / military | 55 / 96 |
Focus
⚔️ 35.7% · 🌾 64.3%
Militia ×78 · Skirmisher ×10 · Spearman ×8
Feudal
9:27
Castle
23:20
Imperial
—
| APM avg | 41.3 |
| APM peak | 82 |
| eAPM avg | 17.8 |
| Villagers / military | 61 / 29 |
Focus
⚔️ 29.3% · 🌾 70.7%
Skirmisher ×18 · Archer ×3 · Missionary ×3 · Scout Cavalry ×3 · Knight ×2
Match map
Initial resources + every placement click. Lines = walls · curves = elevation contours. ◆ gold · ⬟ stone · ● berries · ✦ relic · ◌ wall gap
Your base· Open — unwalled flank
AnhGiaiSayXe's base· Open — unwalled flank
Smoothed initial terrain · ◌ = detected wall gap · hover for details
Inputs per minute
— [TiRex]haltig - - AnhGiaiSayXe
Build order — [TiRex]haltig
First 150 of 229 actions detected
| 0:01 | Create | Villager (Male) |
| 0:02 | Create | Villager (Male) |
| 0:02 | Create | Villager (Male) |
| 0:02 | Create | Villager (Male) |
| 0:03 | Build | House |
| 0:09 | Build | Barracks |
| 1:08 | Create | Militia |
| 1:16 | Create | Villager (Male) |
| 2:21 | Create | Villager (Male) |
| 2:21 | Create | Villager (Male) |
| 2:29 | Build | House |
| 2:53 | Create | Villager (Male) |
| 3:15 | Create | Villager (Male) |
| 3:15 | Create | Villager (Male) |
| 3:37 | Create | Villager (Male) |
| 3:44 | Build | House |
| 4:04 | Create | Villager (Male) |
| 4:28 | Create | Villager (Male) |
| 4:28 | Create | Villager (Male) |
| 4:50 | Create | Militia |
| 4:52 | Create | Villager (Male) |
| 5:28 | Create | Villager (Male) |
| 5:30 | Create | Militia |
| 5:50 | Build | House |
| 5:59 | Create | Villager (Male) |
| 6:01 | Create | Villager (Male) |
| 6:36 | Create | Villager (Male) |
| 6:42 | Build | Lumber Camp |
| 7:12 | Create | Villager (Male) |
| 7:16 | Research | Loom |
| 7:22 | Build | House |
| 7:41 | Create | Villager (Male) |
| 8:01 | Create | Villager (Male) |
| 8:31 | Create | Villager (Male) |
| 8:44 | Build | Mill |
| 8:51 | Create | Villager (Male) |
| 9:32 | Create | Villager (Male) |
| 10:03 | Research | Feudal Age |
| 10:33 | Build | Mining Camp |
| 10:51 | Create | Villager (Male) |
| 12:12 | Build | Lumber Camp |
| 12:13 | Age | Feudal Age |
| 12:21 | Build | Archery Range |
| 12:36 | Build | House |
| 12:44 | Research | Man-at-Arms (upgrade) |
| 12:52 | Build | Farm |
| 12:57 | Create | Villager (Male) |
| 13:15 | Create | Skirmisher |
| 13:21 | Build | House |
| 13:27 | Build | House |
| 13:29 | Create | Skirmisher |
| 13:43 | Create | Skirmisher |
| 13:57 | Build | Farm |
| 14:06 | Create | Skirmisher |
| 14:11 | Create | Villager (Male) |
| 14:22 | Build | House |
| 14:32 | Create | Skirmisher |
| 14:34 | Create | Militia |
| 14:34 | Create | Militia |
| 14:35 | Create | Villager (Male) |
| 15:22 | Build | Farm |
| 15:22 | Build | Farm |
| 15:30 | Create | Villager (Male) |
| 15:32 | Research | Town Watch |
| 15:35 | Build | House |
| 15:40 | Create | Villager (Male) |
| 15:49 | Build | Blacksmith |
| 15:51 | Build | House |
| 15:53 | Build | Palisade Wall |
| 15:57 | Create | Villager (Male) |
| 15:59 | Build | Farm |
| 16:07 | Build | Farm |
| 16:08 | Build | Farm |
| 16:08 | Build | Farm |
| 16:08 | Build | Farm |
| 16:09 | Build | Farm |
| 16:18 | Build | House |
| 16:20 | Build | House |
| 17:03 | Create | Villager (Male) |
| 17:07 | Build | Farm |
| 17:10 | Build | Farm |
| 17:11 | Create | Villager (Male) |
| 17:52 | Create | Skirmisher |
| 18:12 | Research | Fletching |
| 18:18 | Create | Villager (Male) |
| 18:19 | Create | Villager (Male) |
| 18:33 | Create | Skirmisher |
| 18:40 | Build | Farm |
| 18:42 | Build | Farm |
| 18:43 | Build | Farm |
| 18:58 | Create | Skirmisher |
| 19:00 | Create | Militia |
| 19:19 | Create | Villager (Male) |
| 19:32 | Create | Skirmisher |
| 19:32 | Create | Skirmisher |
| 19:42 | Research | Forging |
| 19:48 | Build | House |
| 19:57 | Create | Militia |
| 19:59 | Build | Barracks |
| 20:15 | Create | Militia |
| 20:15 | Create | Villager (Male) |
| 20:30 | Create | Villager (Male) |
| 20:35 | Build | Farm |
| 20:49 | Create | Spearman |
| 20:53 | Create | Villager (Male) |
| 20:57 | Build | Farm |
| 21:00 | Build | Farm |
| 21:03 | Build | Farm |
| 21:13 | Build | House |
| 21:29 | Build | Barracks |
| 21:37 | Research | Scale Mail Armor |
| 21:44 | Create | Villager (Male) |
| 21:48 | Build | Farm |
| 21:48 | Build | Farm |
| 21:49 | Build | Farm |
| 21:51 | Build | Archery Range |
| 22:01 | Build | Mill |
| 22:01 | Create | Villager (Male) |
| 22:14 | Create | Militia |
| 22:15 | Create | Militia |
| 22:33 | Build | Lumber Camp |
| 22:43 | Create | Militia |
| 22:47 | Create | Militia |
| 22:48 | Create | Militia |
| 22:49 | Create | Militia |
| 22:57 | Create | Militia |
| 22:58 | Create | Villager (Male) |
| 22:58 | Create | Villager (Male) |
| 22:59 | Create | Villager (Male) |
| 23:10 | Create | Militia |
| 23:13 | Create | Militia |
| 23:13 | Create | Militia |
| 23:20 | Create | Militia |
| 23:20 | Create | Militia |
| 23:30 | Create | Militia |
| 23:33 | Create | Militia |
| 23:33 | Create | Militia |
| 23:36 | Create | Militia |
| 23:41 | Build | Farm |
| 23:42 | Build | Farm |
| 23:42 | Build | Farm |
| 23:42 | Build | Farm |
| 23:44 | Build | Farm |
| 23:54 | Create | Militia |
| 23:54 | Create | Militia |
| 24:14 | Create | Spearman |
| 24:15 | Create | Spearman |
| 24:16 | Create | Spearman |
| 24:16 | Create | Spearman |
| 24:18 | Create | Spearman |
Build order — AnhGiaiSayXe
First 150 of 199 actions detected
| 0:02 | Create | Villager (Male) |
| 0:02 | Create | Villager (Male) |
| 0:03 | Create | Villager (Male) |
| 0:03 | Create | Villager (Male) |
| 0:04 | Build | House |
| 0:07 | Build | House |
| 1:32 | Create | Villager (Male) |
| 1:49 | Create | Villager (Male) |
| 2:21 | Create | Villager (Male) |
| 2:21 | Create | Villager (Male) |
| 2:21 | Create | Villager (Male) |
| 2:21 | Create | Villager (Male) |
| 2:57 | Create | Villager (Male) |
| 2:58 | Create | Villager (Male) |
| 2:58 | Create | Villager (Male) |
| 2:58 | Create | Villager (Male) |
| 3:30 | Create | Villager (Male) |
| 3:36 | Build | Lumber Camp |
| 3:50 | Create | Villager (Male) |
| 4:14 | Create | Villager (Male) |
| 4:27 | Create | Villager (Male) |
| 4:42 | Build | House |
| 4:43 | Research | Loom |
| 4:45 | Create | Villager (Male) |
| 4:45 | Create | Villager (Male) |
| 5:07 | Create | Villager (Male) |
| 5:28 | Create | Villager (Male) |
| 5:52 | Build | House |
| 6:27 | Create | Villager (Male) |
| 6:50 | Build | Mill |
| 7:17 | Research | Feudal Age |
| 7:17 | Research | Feudal Age |
| 7:17 | Research | Feudal Age |
| 8:29 | Build | Barracks |
| 8:38 | Build | Palisade Wall |
| 8:40 | Build | Palisade Wall |
| 8:43 | Build | Palisade Wall |
| 8:46 | Build | Palisade Wall |
| 8:48 | Build | Palisade Wall |
| 8:50 | Build | Palisade Wall |
| 8:53 | Build | Barracks |
| 8:56 | Create | Villager (Male) |
| 8:59 | Build | Palisade Wall |
| 9:00 | Build | Palisade Wall |
| 9:02 | Build | Palisade Wall |
| 9:04 | Build | Palisade Wall |
| 9:09 | Build | House |
| 9:27 | Age | Feudal Age |
| 9:56 | Create | Villager (Male) |
| 9:56 | Create | Villager (Male) |
| 10:08 | Build | Palisade Wall |
| 10:20 | Build | Archery Range |
| 10:41 | Build | Lumber Camp |
| 10:43 | Create | Villager (Male) |
| 10:55 | Build | House |
| 10:57 | Build | Palisade Wall |
| 10:58 | Build | Palisade Wall |
| 11:07 | Create | Archer |
| 11:13 | Create | Villager (Male) |
| 11:25 | Create | Villager (Male) |
| 11:50 | Build | Farm |
| 11:54 | Create | Skirmisher |
| 12:07 | Build | Palisade Wall |
| 12:08 | Build | Palisade Wall |
| 12:11 | Build | Palisade Wall |
| 12:16 | Build | Farm |
| 12:17 | Build | Farm |
| 12:19 | Build | Farm |
| 12:23 | Create | Villager (Male) |
| 12:52 | Create | Skirmisher |
| 12:54 | Create | Villager (Male) |
| 12:54 | Create | Villager (Male) |
| 12:57 | Build | Farm |
| 13:05 | Build | Mining Camp |
| 13:12 | Create | Villager (Male) |
| 13:32 | Build | Palisade Wall |
| 13:45 | Build | Palisade Wall |
| 13:48 | Build | Palisade Wall |
| 13:49 | Build | Palisade Wall |
| 13:50 | Build | Palisade Wall |
| 14:00 | Create | Villager (Male) |
| 14:03 | Build | Farm |
| 14:03 | Create | Villager (Male) |
| 14:07 | Create | Archer |
| 14:15 | Build | House |
| 14:20 | Build | Palisade Wall |
| 14:27 | Build | Farm |
| 14:28 | Create | Villager (Male) |
| 14:40 | Build | House |
| 14:41 | Build | House |
| 15:16 | Build | Farm |
| 15:17 | Build | Farm |
| 15:17 | Build | Farm |
| 15:32 | Build | Farm |
| 15:32 | Build | Farm |
| 15:32 | Build | Farm |
| 15:36 | Create | Villager (Male) |
| 15:36 | Create | Villager (Male) |
| 15:37 | Create | Villager (Male) |
| 15:54 | Build | Palisade Wall |
| 16:03 | Build | House |
| 16:09 | Build | Palisade Wall |
| 16:12 | Create | Villager (Male) |
| 16:27 | Build | Farm |
| 16:27 | Build | Farm |
| 16:51 | Build | Farm |
| 17:01 | Create | Archer |
| 17:09 | Build | Farm |
| 17:26 | Create | Skirmisher |
| 17:28 | Build | Farm |
| 17:39 | Build | Palisade Wall |
| 17:55 | Create | Skirmisher |
| 18:18 | Build | Blacksmith |
| 18:24 | Create | Skirmisher |
| 18:31 | Build | Palisade Wall |
| 18:59 | Create | Villager (Male) |
| 19:11 | Research | Fletching |
| 19:20 | Create | Skirmisher |
| 19:21 | Create | Skirmisher |
| 19:27 | Create | Villager (Male) |
| 19:38 | Create | Villager (Male) |
| 20:11 | Build | Stable |
| 20:13 | Create | Skirmisher |
| 20:26 | Build | Farm |
| 20:26 | Build | Farm |
| 20:32 | Research | Padded Archer Armor |
| 20:34 | Create | Skirmisher |
| 20:38 | Build | Farm |
| 20:40 | Research | Castle Age |
| 20:53 | Create | Scout Cavalry |
| 20:53 | Create | Scout Cavalry |
| 20:58 | Build | Farm |
| 21:01 | Build | Farm |
| 21:20 | Create | Skirmisher |
| 21:23 | Create | Skirmisher |
| 21:44 | Create | Skirmisher |
| 21:45 | Create | Scout Cavalry |
| 21:49 | Research | Forging |
| 22:15 | Build | House |
| 22:34 | Research | Town Watch |
| 22:34 | Create | Villager (Male) |
| 22:35 | Create | Villager (Male) |
| 22:46 | Create | Villager (Male) |
| 23:04 | Build | Palisade Wall |
| 23:20 | Age | Castle Age |
| 23:28 | Create | Knight |
| 23:56 | Create | Villager (Male) |
| 24:06 | Create | Knight |
| 24:36 | Build | House |
| 24:37 | Build | Palisade Wall |
Match timeline
| 0:09 | [TiRex]haltig · first_building Barracks |
| 8:29 | AnhGiaiSayXe · first_building Barracks |
| 8:38 | AnhGiaiSayXe · wall_segment Palisade Wall x1 |
| 8:40 | AnhGiaiSayXe · wall_segment Palisade Wall x1 |
| 8:43 | AnhGiaiSayXe · wall_segment Palisade Wall x1 |
| 8:46 | AnhGiaiSayXe · wall_segment Palisade Wall x1 |
| 8:48 | AnhGiaiSayXe · wall_segment Palisade Wall x1 |
| 8:50 | AnhGiaiSayXe · wall_segment Palisade Wall x1 |
| 8:59 | AnhGiaiSayXe · wall_segment Palisade Wall x1 |
| 9:00 | AnhGiaiSayXe · wall_segment Palisade Wall x1 |
| 9:02 | AnhGiaiSayXe · wall_segment Palisade Wall x1 |
| 9:04 | AnhGiaiSayXe · wall_segment Palisade Wall x1 |
| 9:27 | AnhGiaiSayXe · age_up feudal |
| 10:08 | AnhGiaiSayXe · wall_segment Palisade Wall x1 |
| 10:20 | AnhGiaiSayXe · first_building Archery Range |
| 10:57 | AnhGiaiSayXe · wall_segment Palisade Wall x1 |
| 10:58 | AnhGiaiSayXe · wall_segment Palisade Wall x1 |
| 12:07 | AnhGiaiSayXe · wall_segment Palisade Wall x1 |
| 12:08 | AnhGiaiSayXe · wall_segment Palisade Wall x1 |
| 12:11 | AnhGiaiSayXe · wall_segment Palisade Wall x1 |
| 12:13 | [TiRex]haltig · age_up feudal |
| 12:21 | [TiRex]haltig · first_building Archery Range |
| 13:32 | AnhGiaiSayXe · wall_segment Palisade Wall x1 |
| 13:45 | AnhGiaiSayXe · wall_segment Palisade Wall x1 |
| 13:48 | AnhGiaiSayXe · wall_segment Palisade Wall x1 |
| 13:49 | AnhGiaiSayXe · wall_segment Palisade Wall x1 |
| 13:50 | AnhGiaiSayXe · wall_segment Palisade Wall x1 |
| 14:20 | AnhGiaiSayXe · wall_segment Palisade Wall x1 |
| 15:53 | [TiRex]haltig · wall_segment Palisade Wall x1 |
| 15:54 | AnhGiaiSayXe · wall_segment Palisade Wall x1 |
| 16:09 | AnhGiaiSayXe · wall_segment Palisade Wall x1 |
| 17:39 | AnhGiaiSayXe · wall_segment Palisade Wall x1 |
| 18:31 | AnhGiaiSayXe · wall_segment Palisade Wall x1 |
| 20:11 | AnhGiaiSayXe · first_building Stable |
| 23:04 | AnhGiaiSayXe · wall_segment Palisade Wall x1 |
| 23:20 | AnhGiaiSayXe · age_up castle |
| 24:37 | AnhGiaiSayXe · wall_segment Palisade Wall x1 |
| 24:52 | AnhGiaiSayXe · first_building Monastery |
| 28:49 | [TiRex]haltig · first_market_sell 100 food |
| 31:38 | AnhGiaiSayXe · wall_segment Palisade Wall x1 |
| 31:38 | [TiRex]haltig · age_up castle |
| 31:54 | [TiRex]haltig · first_building Siege Workshop |
| 33:05 | AnhGiaiSayXe · resign |
[ AI ANALYSIS · 1 CREDIT ]
What really happened in this match?
Wolo.gg analyzes every decision: build order, eco, micro, common mistakes by bracket. Personalized analysis on WhatsApp or Discord in 30 seconds.
Civ guide
Goths
Perfil
[TiRex]haltig